csamy, lawful female human Valkyrie ----- ###################M@` .....- #####---------------- | #|...........>..| | #|..............| |..... ###|..............| | #--+---.--------- ####### #[####### ### # # ## ## -----.----- . |..<......| . |.......... . |.........| . ----------- . --- csamy the Fighter Experience level: 6 Strength: 17 Dexterity: 15 Constitution: 18 Intelligence: 8 Wisdom: 12 Charisma: 9 Health: 0(57) Energy: 18(18) Def: 8 Gold: 780 Moves: 4385 Dungeon seed: BKW0_E1sXBRf40Sy Game ID: csamy_1501863270 Your Inventory: Coins $ - 780 gold pieces Weapons a - a +2 long sword (weapon in hand) b - a +0 dagger g - a +0 two-handed sword Armor e - an uncursed +3 small shield (being worn) n - an uncursed +0 orcish helm (being worn) y - an uncursed +0 ring mail (being worn) Comestibles O - an uncursed melon Scrolls A - an uncursed scroll of teleportation B - a blessed scroll of blank paper Rings s - a blessed -1 ring of gain constitution t - an uncursed ring of cold resistance (on left hand) Gems q - an uncursed worthless piece of violet glass Spells and supernatural/magical abilities: Name Level Category Fail Memory W - pray for help -- divine ? -- Your skills at the end: Fighting Skills Weapon Skills dagger [Basic] long sword [Basic] Spellcasting Skills Final Attributes: You were piously aligned. You were cold resistant. You were stealthy. You are dead. Vanquished creatures: a tengu a chameleon an ape a bugbear an orc shaman 2 rock piercers a rock mole a pony a fog cloud 2 yellow lights a gnome lord a gnomish wizard a kobold mummy 2 elf zombies a kitten a homunculus a kobold lord a rothe 2 monkeys an orc zombie a wererat 3 iguanas an acid blob 6 coyotes a gas spore a hobbit 7 manes a large kobold a giant rat a green mold a gnome 5 garter snakes 7 geckos 3 jackals 2 foxes a kobold 5 goblins 5 grid bugs 5 lichens 4 newts 85 creatures vanquished. Voluntary challenges: You had been an atheist until turn 2649. You used a wielded weapon 125 times, starting on turn 117. You read items or engraved 8 times, starting on turn 850. You never genocided any monsters. You never polymorphed an object. You never changed form. You used no wishes. You never split a pudding. You never wrote Elbereth's name. You violated your moral code, losing 1 point of alignment, starting on turn 2652. Dungeon overview: The Dungeons of Doom: levels 1 to 12 Level 1 some fountains a long staircase Level 2 a delicatessen Level 3 Level 4 a sink Level 5 a scroll shop Level 6 some fountains Level 7 an altar to Odin a long staircase Level 8 a fountain Level 9 Level 10 a throne Level 11 a fountain Level 12 <- You were here History has recorded: On T:1 you entered the Dungeons of Doom to retrieve the Amulet of Yendor! On T:542 you reached level 2 of The Dungeons of Doom. On T:673 you advanced to experience level 2. On T:955 you reached level 3 of The Dungeons of Doom. On T:1027 you advanced to experience level 3. On T:1317 you advanced to experience level 4. On T:1420 you reached level 4 of The Dungeons of Doom. On T:1654 you reached level 5 of The Dungeons of Doom. On T:2173 you reached level 6 of The Dungeons of Doom. On T:2236 you advanced to experience level 5. On T:2598 you reached level 7 of The Dungeons of Doom. On T:2966 you advanced to experience level 6. On T:3029 you reached level 8 of The Dungeons of Doom. On T:3540 you reached level 9 of The Dungeons of Doom. On T:3600 you reached level 10 of The Dungeons of Doom. On T:3935 you reached level 11 of The Dungeons of Doom. On T:4300 you reached level 12 of The Dungeons of Doom. Score breakdown: Gold: 780 ( 9839 points) Experience: 6 levels (12456 points) Exploration: 12 levels ( 22.64%) (13797 points) Discoveries: 16 items ( 6.50%) ( 7650 points) Valuables value: (no points given unless you survive) Artifact value: 0 ( 0 points) Variety of kills: 40 monsters ( 10.50%) ( 9720 points) Turncount: 4385 turns (-1160 points) Survival: died (score multiplied by 80%) Total score: 41841 Latest messages: Your stomach feels content. You are carrying too much to get through. (2x) You drop a +0 leather armor. You hear a door open. You see here a melon. O - a melon. You hear a door open. You stop exploring. The human mummy hits! (2x) You hit the human mummy! The human mummy hits! (2x) You miss the human mummy. The human mummy hits! (2x) You hit the human mummy! The human mummy hits! (2x) With great effort you move the boulder. You try to move the boulder, but in vain. You hit the human mummy! The human mummy hits! (2x) You miss the human mummy. The human mummy hits! (2x) You begin praying to Tyr. The human mummy hits! You die... Final status: Farvel csamy the Valkyrie, killed by a human mummy, while praying... You died in The Dungeons of Doom on dungeon level 12 with 41841 points, and 780 pieces of gold, after 4385 moves. You were level 6 with a maximum of 57 hit points when you died.